 Dungeon Crawl Stone Soup version 0.24-a0-537-g2d01d4ab0a (webtiles) character file.

Game seed: 1457731944516972963

3918 MordorOrchid the Protected (level 10, -11/60 HPs)
             Began as a Gargoyle Wanderer on Aug 14, 2019.
             Killed by the air
             ... invoked by Gastronok
              (24 damage)
             ... on level 8 of the Dungeon.
             The game lasted 00:50:06 (7470 turns).

MordorOrchid the Protected (Gargoyle Wanderer)      Turns: 7470, Time: 00:50:06

Health: -11/60     AC: 16    Str: 16    XL:     10   Next: 20%
Magic:  15/15      EV:  9    Int: 15    God:
Gold:   562        SH:  5    Dex: 10    Spells: 11/16 levels left

rFire    . . .     SeeInvis .     - Unarmed
rCold    . . .     Gourm    +   d - +1 buckler
rNeg     + . .     Faith    .   k - +0 scale mail
rPois    ∞         Spirit   .   (no helmet)
rElec    +         Reflect  .   (no cloak)
rCorr    .         Harm     .   (no gloves)
MR       .....                  E - +0 pair of boots
Stlth    ..........             y - amulet of the gourmand
HPRegen  0.20/turn              p - ring of wizardry
MPRegen  0.14/turn              (no ring)

@: confusing touch, very slightly contaminated, slowed, very slow
A: negative energy resistance 1, electricity resistance, unbreathing,
petrification resistance, rot immunity, AC +7
a: no special abilities


You were on level 8 of the Dungeon.
You were not hungry.

You visited 2 branches of the dungeon, and saw 9 of its levels.

You collected 562 gold pieces.

Inventory:

Hand Weapons
 j - a +0 hand crossbow
 t - a +0 hunting sling
 L - a cursed -1 hunting sling
Missiles
 c - 97 bolts
 l - 132 sling bullets
 B - 8 boomerangs (quivered)
 N - a throwing net
Armour
 d - a +1 buckler (worn)
 k - a +0 scale mail (worn)
 C - a +0 ring mail
 E - a +0 pair of boots (worn)
Jewellery
 p - a ring of wizardry (left hand)
 y - an amulet of the gourmand (around neck)
 z - an uncursed amulet of magic regeneration
Wands
 g - a wand of digging (6)
 P - a wand of iceblast (11)
Scrolls
 b - 3 scrolls of teleportation
 e - a scroll of blinking {unknown}
 h - a scroll of enchant armour
 i - a scroll of fear
 m - 4 scrolls of remove curse
 o - 3 scrolls of fog
 q - a scroll of immolation {unknown}
 r - a scroll of amnesia
 A - a scroll of magic mapping
 H - a scroll of enchant weapon {unknown}
 J - a scroll of random uselessness {unknown}
 K - a scroll of brand weapon {unknown}
 M - a scroll of holy word {unknown}
Potions
 a - 6 potions of curing
 n - 2 potions of mutation {unknown}
 u - a potion of magic {unknown}
 v - a potion of might {unknown}
 w - 3 potions of haste
 x - a potion of degeneration {unknown}
 D - a potion of brilliance {unknown}
 F - 2 potions of lignification
 G - a potion of cancellation
 I - 2 potions of flight
Comestibles
 f - 14 rations
 O - 3 chunks of flesh


   Skills:
 - Level 6.0 Fighting
 - Level 4.1 Crossbows
 * Level 8.6 Armour
 - Level 4.0 Shields
 * Level 6.9 Unarmed Combat
 * Level 3.7 Spellcasting
 * Level 1.4 Hexes
 - Level 2.0 Necromancy
 - Level 2.0 Transmutations
   Level 2.0 Fire Magic
 - Level 4.0 Earth Magic


You had 11 spell levels left.
You knew the following spells:

 Your Spells              Type           Power        Failure   Level  Hunger
a - Confusing Touch       Hex            #.....       13%         1    None
u - Animate Skeleton      Necr           N/A          10%         1    None
w - Passwall              Tmut/Erth      ##......     10%         2    ##.....
z - Apportation           Tloc           #.....       22%         1    None

Your spell library contained the following spells:

 Spells                   Type           Power        Failure   Level  Hunger
 Sandblast                Erth           ##....       4%          1    None
 Summon Small Mammal      Summ           #...         22%         1    None
 Stone Arrow              Conj/Erth      #.....       28%         3    ###....
 Petrify                  Tmut/Erth      ##......     52%         4    ####...
 Lee's Rapid Deconstruct  Erth           ##........   71%         5    ######.


Dungeon Overview and Level Annotations

Branches:
Dungeon (8/15)             Temple (1/1) D:6            Lair (0/6) D:8

Altars:
Ashenzari
Cheibriados
Dithmenos
Elyvilon
Fedhas
Gozag
Hepliaklqana
Makhleb
Nemelex Xobeh
Okawaru
Ru
Sif Muna
Trog
Uskayaw
Vehumet
Wu Jian
Xom
Yredelemnul
Zin
The Shining One

Annotations:
D:8 Gastronok


Innate Abilities, Weirdness & Mutations

You are resistant to torment.
Your stone body is resilient. (AC +7)
You are immune to poison.
You resist negative energy. (rN+)
You are resistant to electric shocks. (rElec)
You can survive without breathing.
You are immune to petrification.
You are immune to rotting.


Message History

The howler monkey hoots and howls with incredible vigour!
The howler monkey hits you but does no damage.
You hit Gastronok but do no damage.
Gastronok is almost dead.
The bat barely misses you.
The howler monkey hoots and howls with incredible vigour!
Gastronok waves his eye-stalks in wide circles.
The air twists around and strikes you!
* * * LOW HITPOINT WARNING * * *
You hit Gastronok but do no damage.
Gastronok is almost dead.
The bat hits you but does no damage.
The howler monkey hoots and howls with incredible vigour! x2
The howler monkey hits you but does no damage.
You hit Gastronok but do no damage.
Gastronok is almost dead.
The bat hits you but does no damage. You block the bat's attack.
Gastronok waves his eye-stalks in wide circles.
The air twists around and strikes you!
You die...

#.....# #.#.##.#
##
.....####.#.##.#
#.
..#.....#......#
#.
#.......###.####
#. #.....#.# #.#
#.###...#.#.###.#
#...............#
###b##.####.#####
#.#####@##Z####.#
#.oWhhhw##......#
#################


You could see Gastronok, a hungry ghost, 3 howler monkeys, an orc and a bat.

Vanquished Creatures
  A hippogriff (D:8)
  A hungry ghost (D:8)
  2 ice beasts (D:8)
  2 sky beasts
  A hornet zombie (D:7)
  A necrophage (D:8)
  3 orc warriors
  3 phantoms
  3 wolves
  2 ogres
  2 centaurs
  7 bullfrogs
  2 scorpions
  6 killer bees (D:7)
  2 electric eels (D:8)
  4 crimson imps
  4 centaur zombies
  A jelly (D:8)
  5 orc wizards (D:7)
  6 hounds
  4 orc priests
  3 iguanas
  5 worker ants
  7 adders
  4 gnolls
  A shadow imp (D:7)
  2 oozes
  A worm (D:4)
  A dart slug (D:3)
  3 leopard geckos
  18 orcs
  5 giant cockroaches
  4 goblins
  8 hobgoblins
  2 jackals (D:7)
  8 kobolds
  A quokka (D:6)
  A ball python (D:4)
  6 bats
  4 frilled lizards
  A leopard gecko zombie (D:5)
  7 rats
154 creatures vanquished.

Notes
Turn   | Place    | Note
-------+----------+-------------------------------------------
     0 | D:1      | MordorOrchid the Gargoyle Wanderer began the quest for the
                  | Orb.
     0 | D:1      | MordorOrchid set off with the following items: a +0 hand
                  | crossbow, 21 bolts, a +0 buckler, a +0 robe, a ration; and
                  | the following spell memorised: Sandblast; and the following
                  | spells available to memorise: Passwall, Stone Arrow,
                  | Petrify, Lee's Rapid Deconstruction
     0 | D:1      | Reached XP level 1. HP: 12/12 MP: 1/1
   163 | D:1      | Reached skill level 1 in Unarmed Combat
   163 | D:1      | Reached XP level 2. HP: 9/17 MP: 2/2
   574 | D:1      | Reached XP level 3. HP: 21/21 MP: 3/3
  1118 | D:2      | Reached skill level 1 in Spellcasting
  1118 | D:2      | Reached XP level 4. HP: 27/27 MP: 5/5
  1321 | D:2      | Learned a level 2 spell: Passwall
  1406 | D:3      | Found a white marble altar of Elyvilon.
  2018 | D:3      | Learned a level 1 spell: Animate Skeleton
  2178 | D:4      | Reached XP level 5. HP: 26/32 MP: 5/7
  2253 | D:4      | Found a hazy altar of Hepliaklqana.
  2495 | D:4      | Found an ornate altar of the Wu Jian Council.
  2601 | D:4      | Found a radiant altar of Vehumet.
  2608 | D:4      | Found a burning altar of Makhleb.
  2676 | D:5      | Entered Level 5 of the Dungeon
  2679 | D:5      | Reached XP level 6. HP: 37/37 MP: 8/8
  2680 | D:5      | Noticed a sky beast
  2717 | D:4      | Killed a sky beast
  2997 | D:5      | Found a shimmering blue altar of Sif Muna.
  2997 | D:5      | Noticed a phantom
  3018 | D:5      | Killed a phantom
  3018 | D:5      | Reached XP level 7. HP: 37/41 MP: 10/10
  3338 | D:6      | Reached skill level 4 in Armour
  3393 | D:6      | Reached skill level 1 in Transmutations
  3727 | D:6      | Found a staircase to the Ecumenical Temple.
  3739 | D:6      | Reached XP level 8. HP: 42/46 MP: 11/11
  3759 | Temple   | Entered the Ecumenical Temple
  3837 | D:6      | Reached skill level 5 in Armour
  4129 | D:6      | Found a glowing silver altar of Zin.
  4418 | D:7      | Reached skill level 6 in Armour
  4933 | D:7      | Reached skill level 1 in Necromancy
  4933 | D:7      | Reached XP level 9. HP: 42/52 MP: 12/12
  5027 | D:7      | Reached skill level 7 in Armour
  5222 | D:7      | Found a sacrificial altar of Ru.
  5318 | D:7      | Reached skill level 5 in Fighting
  5897 | D:7      | Found a sparkling altar of Nemelex Xobeh.
  6133 | D:8      | Reached skill level 5 in Unarmed Combat
  6261 | D:7      | Learned a level 1 spell: Apportation
  6263 | D:7      | Learned a level 1 spell: Confusing Touch
  6266 | D:8      | Noticed a troll
  6373 | D:8      | Reached skill level 8 in Armour
  6380 | D:8      | Found a staircase to the Lair.
  6866 | D:8      | Reached XP level 10. HP: 50/60 MP: 15/15
  6928 | D:8      | Noticed a two-headed ogre
  7010 | D:8      | Reached skill level 1 in Hexes
  7409 | D:8      | Noticed Gastronok
  7470 | D:8      | Killed from afar by Gastronok

Levels and vault maps discovered:
D:1:      dpeg_chamrin_arrival_tetris, layout_rooms
D:2:      layout_loops_corners
D:3:      layout_loops_corners, nicolae_overflow_crystal_walls
D:4:      layout_cave_pods, grunt_temple_overflow_lords_of_destruction,
          lemuel_coloured_pillars_altar, kennysheep_mini, first_ration
D:5:      layout_rooms, overflow_temple_1_default
D:6:      layout_loops_cross, zin_treasury, minmay_temple_entry_sparse_star,
          minmay_fractal_squares_diagonal_5
D:7:      layout_basic, nemelex_xobeh_ov_fountains_minmay, old_standard_altar
D:8:      layout_loops_cross, lemuel_crystal_altar, erik_lair_island,
          uniq_gastronok
Temple:   minmay_freezing_vapour_temple

Skill      XL: |  1  2  3  4  5  6  7  8  9 10 |
---------------+-------------------------------+-----
Unarmed Combat | 1 2 3 4 6 |  6.9
Fighting       | 2 3 6 |  6.0
Spellcasting   | 1 2 3 |  3.7
Crossbows      | 2 3 4 |  4.1
Shields        | 3 4 |  4.0
Earth Magic    | 2 3 4 |  4.0
Armour         | 4 6 8 |  8.6
Transmutations | 1 2 |  2.0
Necromancy     | 1 2 |  2.0
Hexes          | 1 |  1.4
Fire Magic     | |  2.0

Action                   |  1- 3 |  4- 6 |  7- 9 | 10-12 || total
-------------------------+-------+-------+-------+-------++-------
Melee: Unarmed           |    58 |       |   166 |    85 ||   309
 Fire: Hand crossbow     |    47 |   160 |   368 |    40 ||   615
Throw: Boomerang         |       |       |     1 |       ||     1
 Cast: Animate Skeleton  |       |       |     8 |     4 ||    12
       Apportation       |       |       |     2 |     3 ||     5
       Confusing Touch   |       |       |       |     4 ||     4
Evoke: Wand              |       |       |     1 |       ||     1
  Use: Scroll            |     3 |     7 |     9 |       ||    19
       Potion            |       |       |     3 |     3 ||     6
 Stab: Confused          |       |       |       |     3 ||     3
  Eat: Chunk             |     1 |    13 |    14 |     4 ||    32
Armor: Robe              |     1 |       |       |       ||     1
       Scale mail        |    43 |    42 |   255 |    85 ||   425
Dodge: Dodged            |    27 |    29 |   177 |    46 ||   279
Block: Buckler           |    18 |    14 |    94 |    35 ||   161

Table legend:
 A = Non-vault XP
 B = Vault XP
 C = Vault XP percentage of total XP
 D = Non-vault monster count
 E = Vault monster count
 F = Vault count percentage of total count
                 A         B        C        D         E       F
            +---------+---------+-------+---------+---------+-------
      Total |    4688 |     910 |  16.3 |     140 |      14 |   9.1
            +---------+---------+-------+---------+---------+-------
        D:1 |      41 |       0 |   0.0 |      17 |       0 |   0.0
        D:2 |      62 |       0 |   0.0 |      15 |       0 |   0.0
        D:3 |      53 |       0 |   0.0 |      18 |       0 |   0.0
        D:4 |     233 |      48 |  17.1 |      12 |       1 |   7.7
        D:5 |     296 |       0 |   0.0 |       8 |       0 |   0.0
        D:6 |     648 |     395 |  37.9 |      10 |       7 |  41.2
        D:7 |    1821 |     316 |  14.8 |      40 |       4 |   9.1
        D:8 |    1534 |     151 |   9.0 |      20 |       2 |   9.1
            +---------+---------+-------+---------+---------+-------
